 Dungeon Crawl Stone Soup version 0.29.0-4-gdea44cf6ec (webtiles) character file.

Game seed: 10625125827836812793

220 qw the Chopper (level 5, 0/30 HPs)
             Began as a Tengu Warper on Aug 28, 2022.
             Slain by a lemure (1 damage)
             ... led by Pikel
             ... on level 4 of the Dungeon.
             The game lasted 00:00:19 (3615 turns).

qw the Chopper (Tengu Warper)                       Turns: 3615, Time: 00:00:19

Health: 0/30       AC:  8    Str: 13    XL:     5   Next: 97%
Magic:  9/9        EV:  7    Int: 14    God:
Gold:   157        SH:  0    Dex: 13    Spells: 8/8 levels left

rFire   + . .      SeeInvis .   g - +0 war axe
rCold   . . .      Faith    .   (no shield)
rNeg    . . .      Spirit   .   a - +0 chain mail
rPois   .          Reflect  .   (helmet restricted)
rElec   .          Harm     .   (no cloak)
rCorr   +          Rampage  .   (no gloves)
Will    .....                   (boots unavailable)
Stlth   ..........              (no amulet)
HPRegen 0.10/turn               f - ring of resist corrosion
MPRegen 0.11/turn               c - ring of protection from fire

@: flying quickly and evasively, quick
A: beak, talons 3, nimble flight
a: no special abilities


You were on level 4 of the Dungeon.
You visited 1 branch of the dungeon, and saw 4 of its levels.

You collected 157 gold pieces.


Innate Abilities, Weirdness & Mutations

You have a beak for a mouth.
You have claws for feet.
Your magical nature lets you fly swiftly and evasively.


   Skills:
 - Level 2.0 Fighting
 + Level 6.3 Axes
 - Level 1.0 Throwing
 - Level 2.0 Armour
 - Level 2.1 Dodging
 - Level 2.0 Spellcasting
 - Level 2.4 Translocations


You had 8 spell levels left.
You didn't know any spells.
Your spell library contained the following spells:

 Spells                   Type           Power      Damage    Failure   Level
 Blink                    Tloc           16%        N/A       99%         2
 Gell's Gravitas          Tloc           8%         N/A       100%        3
 Lesser Beckoning         Tloc           8%         N/A       100%        3
 Teleport Other           Tloc           8%         N/A       100%        3
 Manifold Assault         Tloc           8%         N/A       100%        5

Inventory:

Hand Weapons
 b - a +4 eveningstar of holy wrath
 g - a +0 war axe (weapon)
Armour
 a - a +0 chain mail (worn)
Jewellery
 c - a ring of protection from fire (right hand)
 f - a ring of resist corrosion (left hand)
Scrolls
 j - 2 scrolls of identify
Potions
 e - a potion of degeneration {unknown}
 l - a potion of attraction {unknown}
 m - 2 potions of curing {unknown}

Dungeon Overview and Level Annotations

Branches:
Dungeon (4/15)
 Temple: D:4-7

Altars:

Annotations:
D:4 Pikel


Message History

The lemure shouts!
Enter note: Pikel, Merchant of Souls comes into view.
He is wielding a +0 whip of electrocution.
A lemure comes into view.
Pikel shouts!
A lemure comes into view.
The lemure shouts!
Pikel says, "You'll make a fine lemure."
You closely miss the lemure. You peck the lemure.
The lemure is lightly wounded.
The lemure hits you but does no damage.
A lemure comes into view.
The lemure hits you but does no damage.
You hit the lemure. Your kick misses the lemure.
You peck the lemure, but do no damage.
The lemure is lightly wounded.
You hit Pikel. Pikel barely misses you. The lemure hits you.
You closely miss Pikel.
Pikel is lightly wounded.
You closely miss the lemure.
Pikel hits you with a +0 whip of electrocution.
The lemure hits you.
You slash Pikel! Your peck misses Pikel.
Pikel is moderately wounded.
You hit the lemure.
Pikel hits you with a +0 whip of electrocution.
You are electrocuted!
You barely miss Pikel. You claw Pikel.
Pikel is moderately wounded.
You closely miss the lemure.
Pikel hits you with a +0 whip of electrocution.
The lemure hits you but does no damage.
You barely miss Pikel.
Pikel is moderately wounded.
You slash the lemure! You hit the lemure but do no damage.
Pikel hits you with a +0 whip of electrocution.
The lemure barely misses you. x2; Pikel hits you but does no damage.
The lemure barely misses you. The lemure hits you.
You die...

#.# # #.# # #.# # #.# #
#######.# #
.....##.###########
#########...............
......K5.....###########
#..55@..#### .....5###.#
.##.# #.# #. #.# #.. ###
###### ...... ######


You could see Pikel and 4 lemures.

Vanquished Creatures
  Jessica (D:3)
  An iguana (D:4)
  7 gnolls
  5 adders
  10 ball pythons
  5 endoplasms
  3 giant cockroaches
  4 goblins
  6 hobgoblins
  3 jackals
  3 kobolds
  3 quokkas
  3 bats
  2 frilled lizards
  6 rats
62 creatures vanquished.

Notes
Turn   | Place    | Note
-------+----------+-------------------------------------------
     0 | D:1      | qw the Tengu Warper began the quest for the Orb.
     0 | D:1      | Reached XP level 1. HP: 12/12 MP: 4/4
     0 | D:1      | 0 ||| qw: Version: 0.1-a-89-g26bdef1
     0 | D:1      | 0 ||| qw: Game counter: 468
     0 | D:1      | 0 ||| qw: Always use a shield: true
     0 | D:1      | 0 ||| qw: God list: Okawaru
     0 | D:1      | 0 ||| qw: Allow faded altars: false
     0 | D:1      | 0 ||| qw: Do Orc after D:15 true
     0 | D:1      | 0 ||| qw: Do second Lair branch before Depths: true
     0 | D:1      | 0 ||| qw: Lair rune preference: random
     0 | D:1      | 0 ||| qw: Plans: Normal
     0 | D:1      | 0 ||| PLANNING D:1-11
   343 | D:1      | Reached XP level 2. HP: 17/17 MP: 6/6
   457 | D:1      | Reached skill level 3 in Axes
   555 | D:1      | 555 ||| DROPPING +0 club.
   563 | D:1      | 563 ||| Stepping ~*~*~tactically~*~*~ (stealth).
   578 | D:1      | 578 ||| Stepping ~*~*~tactically~*~*~ (stealth).
   992 | D:1      | 992 ||| UPGRADING to ring of resist corrosion.
   993 | D:1      | 993 ||| READING scroll labelled TODOHEL VERERARPH.
   994 | D:1      | 994 ||| READING scroll labelled DENIYP XUPSITI.
   995 | D:1      | 995 ||| READING 2 scrolls labelled DEM QEICACEBB.
   996 | D:1      | 996 ||| DROPPING scroll of blinking.
   997 | D:1      | 997 ||| DROPPING scroll of fear.
  1106 | D:2      | Reached XP level 3. HP: 16/21 MP: 7/7
  1347 | D:2      | 1347 ||| Stepping ~*~*~tactically~*~*~ (stealth).
  1394 | D:2      | Reached skill level 4 in Axes
  1936 | D:2      | Reached XP level 4. HP: 26/26 MP: 8/8
  2327 | D:2      | 2327 ||| UPGRADING to +0 chain mail.
  2337 | D:2      | 2337 ||| DROPPING +0 leather armour.
  2338 | D:2      | 2338 ||| DROPPING amulet of magic regeneration.
  2339 | D:2      | 2339 ||| UPGRADING to ring of protection from fire.
  2340 | D:2      | 2340 ||| READING scroll labelled OSHUBLOHUO.
  2341 | D:2      | 2341 ||| READING scroll labelled BOJUNI VIAGO.
  2379 | D:3      | Reached skill level 5 in Axes
  2685 | D:3      | Found a faded altar of an unknown god.
  2880 | D:3      | Noticed Jessica
  2887 | D:3      | Killed Jessica
  2975 | D:3      | Gained mutation: Your magical nature lets you fly swiftly
                  | and evasively. [Tengu growth]
  2975 | D:3      | Reached XP level 5. HP: 30/30 MP: 9/9
  3030 | D:3      | 3030 ||| READING scroll labelled BESOFFEXASK.
  3030 | D:3      | Identified a scroll of acquirement
  3030 | D:3      | 3030 ||| ACQUIRING +4 eveningstar of holy wrath
  3030 | D:3      | Acquired a +4 eveningstar of holy wrath
  3032 | D:3      | 3032 ||| DROPPING +0 whip.
  3033 | D:3      | 3033 ||| READING scroll labelled VASHOU HANONNE.
  3034 | D:3      | 3034 ||| DRINKING 3 bubbling purple potions.
  3076 | D:3      | 3076 ||| DRINKING 3 fuming purple potions.
  3077 | D:3      | 3077 ||| DRINKING 2 blue potions.
  3078 | D:3      | 3078 ||| DROPPING 2 potions of lignification.
  3079 | D:3      | 3079 ||| DROPPING potion of flight.
  3102 | D:4      | 3102 ||| STAIRDANCE
  3112 | D:3      | HP: 7/30 [gnoll/+0 whip (4)]
  3113 | D:3      | 3113 ||| DRINKING 2 potions of heal wounds.
  3151 | D:4      | HP: 7/30 [gnoll/+0 flail (1)]
  3152 | D:4      | 3152 ||| DRINKING potion of heal wounds.
  3204 | D:4      | 3204 ||| SWAPPING to +0 war axe.
  3205 | D:4      | 3205 ||| DROPPING +0 hand axe.
  3214 | D:4      | Reached skill level 6 in Axes
  3495 | D:4      | HP: 6/30 [iguana (4)]
  3496 | D:4      | 3496 ||| DRINKING potion of heal wounds.
  3604 | D:4      | Noticed a lemure
  3605 | D:4      | Noticed Pikel
  3605 | D:4      | Noticed a lemure
  3606 | D:4      | Noticed a lemure
  3610 | D:4      | Noticed a lemure
  3614 | D:4      | HP: 4/30 [Pikel/+0 whip of electrocution (4)]
  3615 | D:4      | HP: 1/30 [Pikel/+0 whip of electrocution (3)]
  3615 | D:4      | Slain by a lemure

Levels and vault maps discovered:
D:1:      kilobyte_arrival_exit_the_forest, layout_basic,
          minmay_indecisive_spiral
D:2:      minmay_diamond_boxcup, layout_basic, wad_floor_pattern_2
D:3:      layout_basic, hellmonk_ecumenical_altar_heavens_door, uniq_jessica
D:4:      layout_basic, uniq_pikel

Skill      XL: |  1  2  3  4  5 |
---------------+----------------+-----
Axes           | 3 4 5 6 |  6.3
Armour         | 2 |  2.0
Fighting       | |  2.0
Throwing       | |  1.0
Dodging        | |  2.1
Spellcasting   | |  2.0
Translocations | |  2.4

Action                   |  1- 3 |  4- 6 || total
-------------------------+-------+-------++-------
Melee: Hand axe          |    56 |    61 ||   117
       Kick              |    11 |    19 ||    30
       Peck              |     4 |    11 ||    15
       War axe           |       |    30 ||    30
       Punch             |       |     2 ||     2
Throw: Boomerang         |    44 |     4 ||    48
  Use: Scroll            |     3 |     4 ||     7
       Potion            |       |     6 ||     6
Armor: Leather armour    |    13 |     4 ||    17
       Chain mail        |       |    40 ||    40
Dodge: Dodged            |    38 |    46 ||    84

Table legend:
 A = Non-vault XP
 B = Vault XP
 C = Vault XP percentage of total XP
 D = Non-vault monster count
 E = Vault monster count
 F = Vault count percentage of total count
                 A         B        C        D         E       F
            +---------+---------+-------+---------+---------+-------
      Total |     237 |      78 |  24.8 |      50 |      12 |  19.4
            +---------+---------+-------+---------+---------+-------
        D:1 |      21 |       6 |  22.2 |      13 |       4 |  23.5
        D:2 |      51 |      35 |  40.7 |      17 |       7 |  29.2
        D:3 |      29 |      37 |  56.1 |      10 |       1 |   9.1
        D:4 |     136 |       0 |   0.0 |      10 |       0 |   0.0
            +---------+---------+-------+---------+---------+-------
